 Dungeon Crawl Stone Soup version 0.26.0-5-gb5863c6483 (webtiles) character file.

Game seed: 3994670582524635478

547 Acheron the Chopper (level 7, -2/53 HPs)
             Began as a Demonspawn Abyssal Knight on Jan 10, 2021.
             Was a Believer of Lugonu.
             Succumbed to an orc wizard's poison
             ... on level 6 of the Dungeon.
             The game lasted 00:13:48 (3501 turns).

Acheron the Chopper (Demonspawn Abyssal Knight)     Turns: 3501, Time: 00:13:49

Health: -2/53      AC:  8    Str: 12    XL:     7   Next: 7%
Magic:  10/10      EV:  9    Int: 14    God:    Lugonu [**....]
Gold:   113        SH:  0    Dex: 14    Spells: 6/6 levels left

rFire    . . .     SeeInvis .   a - +2 hand axe
rCold    . . .     Faith    .   (no shield)
rNeg     . . .     Spirit   .   m - +0 scale mail
rPois    .         Reflect  .   (helmet restricted)
rElec    .         Harm     .   (no cloak)
rCorr    .         Rampage  .   (no gloves)
Will     .....                  v - +0 pair of boots
Stlth    +.........             (no amulet)
HPRegen  0.17/turn              (no ring)
MPRegen  0.12/turn              (no ring)

@: lethally poisoned (-2 -> -43)
A: antennae 1, powered by death 2, miasma immunity
a: Renounce Religion, Depart the Abyss, Bend Space


You were on level 6 of the Dungeon.
You worshipped Lugonu.
Lugonu was pleased with you.
You visited 1 branch of the dungeon, and saw 8 of its levels.
You visited the Abyss 1 time.

You collected 113 gold pieces.

Inventory:

Hand Weapons
 a - a +2 hand axe (weapon)
 h - a +2 vampiric long sword
Missiles
 g - 12 poisoned darts
 j - 69 sling bullets
 k - 37 stones
 n - 12 silver javelins
Armour
 b - a +0 leather armour
 m - a +0 scale mail (worn)
 v - a +0 pair of boots (worn)
Magical Staves
 r - an uncursed staff of conjuration {unknown}
Wands
 p - a wand of flame (18)
Scrolls
 c - a scroll of amnesia
 d - 2 scrolls of remove curse
 l - a scroll of identify
 s - a scroll of teleportation
 t - a scroll of noise {unknown}
Potions
 e - a potion of heal wounds {unknown}
 f - a potion of cancellation {unknown}
 i - 2 potions of haste {unknown}
 o - a potion of mutation {unknown}
 q - a potion of invisibility {unknown}
 u - a potion of lignification {unknown}


   Skills:
 + Level 3.9 Fighting
 * Level 4.1 Axes
 * Level 3.8 Armour
 * Level 2.1 Dodging
 * Level 2.1 Stealth
 * Level 4.0 Invocations


You had 6 spell levels left.
You didn't know any spells.
Your spell library was empty.

Dungeon Overview and Level Annotations

Branches:
Dungeon (8/15)
 Temple: D:4-7         Lair: D:8-11

Altars:
Dithmenos
Makhleb
Nemelex Xobeh
Qazlal
The Shining One

Portals:
Sewer: D:4

Annotations:
D:5 exclusion: upstairs


Innate Abilities, Weirdness & Mutations

You have a pair of small antennae on your head.
You regenerate health from kills.
You are immune to miasma.


Message History

You are more poisoned.
Unknown command.
You hit something. You barely miss the howler monkey.
* * * LOW HITPOINT WARNING * * *
You feel very sick. The howler monkey barely misses you.
Something hits you but does no damage.
You are more poisoned.
The howler monkey hits you but does no damage.
Unknown command.
You closely miss the howler monkey.
The howler monkey is heavily wounded.
You hit something.
* * * LOW HITPOINT WARNING * * *
You feel very sick.
You hear some strange, mumbled words.
A puff of flame appears from out of thin air!
The puff of flame hits you!
* * * LOW HITPOINT WARNING * * *
The howler monkey hits you but does no damage.
You die...

##### ##_#.# #
##8.#.#.#.#.
##....h......
###########
#.....)......
...†).....#
#..8@#{#.#.#.
....).....###..#.#⌠#
...............########
..........###.........#
#####........####'#####
#)......)####.##
#####..............#
...##............#.##
###
##.##...............#
#<.


You could see a howler monkey.

Vanquished Creatures
  A phantom (D:6)
  A bullfrog (D:7)
  A howler monkey (D:4)
  2 hounds
  3 orc priests
  A bullfrog skeleton (D:7)
  3 worker ants
  A hound skeleton (D:6)
  4 adders
  A dart slug (D:3)
  7 leopard geckos
  6 orcs
  3 giant cockroaches
  A goblin (D:1)
  4 hobgoblins
  4 jackals
  4 kobolds
  A quokka (D:4)
  A ball python (D:5)
  A ball python skeleton (D:3)
  3 bats
  5 frilled lizards
  4 rats
62 creatures vanquished.

Notes
Turn   | Place    | Note
-------+----------+-------------------------------------------
     0 | Abyss:1  | Acheron the Demonspawn Abyssal Knight began the quest for
                  | the Orb.
     0 | Abyss:1  | Reached XP level 1. HP: 18/18 MP: 2/2
     3 | Abyss:1  | Noticed a large abomination
     3 | Abyss:1  | Noticed a neqoxec
    27 | D:1      | Escaped the Abyss
   109 | D:1      | Reached skill level 1 in Dodging
   657 | D:1      | Gained mutation: You have a pair of small antennae on your
                  | head. [demonic ancestry]
   657 | D:1      | Reached XP level 2. HP: 24/24 MP: 3/3
  1112 | D:2      | Reached XP level 3. HP: 29/29 MP: 5/5
  1123 | D:2      | Found a burning altar of Makhleb.
  1343 | D:2      | Found a sparkling altar of Nemelex Xobeh.
  1536 | D:2      | Gained mutation: You regenerate a little health from kills.
                  | [demonic ancestry]
  1536 | D:2      | Reached XP level 4. HP: 35/35 MP: 6/6
  1611 | D:3      | Reached skill level 1 in Stealth
  1612 | D:3      | Reached ** piety under Lugonu
  1726 | D:4      | Found a glowing drain.
  1750 | D:4      | Gained mutation: You regenerate health from kills. [demonic
                  | ancestry]
  1750 | D:4      | Reached XP level 5. HP: 26/41 MP: 7/7
  1755 | D:5      | Entered Level 5 of the Dungeon
  2235 | D:5      | Found a glowing golden altar of the Shining One.
  2281 | D:6      | Noticed a phantom
  2453 | D:7      | Reached XP level 6. HP: 22/48 MP: 8/8
  2812 | D:7      | Noticed a sky beast
  3097 | D:8      | Noticed an ice beast
  3120 | D:6      | Found a shadowy altar of Dithmenos.
  3303 | D:6      | Gained mutation: You are immune to miasma. [demonic
                  | ancestry]
  3303 | D:6      | Reached XP level 7. HP: 26/53 MP: 8/10
  3485 | D:6      | Found a stormy altar of Qazlal.
  3500 | D:6      | HP: 1/53 [something/puff of flame (8)]
  3501 | D:6      | Succumbed to an orc wizard's poison

Illustrated notes

Levels and vault maps discovered:
D:1:      dpeg_arrival_simpleton_c, layout_loops_cross
D:2:      layout_basic, makhleb_blood_cavern_becter, nemelex_lonely_heart_becter
D:3:      layout_loops_ring, chequers_ecumenical_altar_island,
          kennysheep_generic_room_15
D:4:      layout_basic, minmay_temple_entry_metal_lava, portal_sewer_entry_a,
          hangedman_abyss_or_decor_stagger, minmay_joined_circles
D:5:      minmay_diamond_boxcup, layout_gridville, kennysheep_mini_moat
D:6:      layout_basic, minitemple, enter_ossuary_4, grunt_dithmenos_smoke
D:7:      layout_loops_ring, kennysheep_doodads
D:8:      layout_basic, ashenzari_conservatory_becter, lemuel_round_altar

Skill      XL: |  1  2  3  4  5  6 |
---------------+-------------------+-----
Dodging        | 1 2 |  2.1
Armour         | 2 3 |  3.8
Axes           | 2 3 4 |  4.1
Invocations    | 3 4 |  4.0
Stealth        | 1 2 |  2.1
Fighting       | |  3.9

Action                   |  1- 3 |  4- 6 |  7- 9 || total
-------------------------+-------+-------+-------++-------
Melee: Hand axe          |    84 |   205 |     9 ||   298
Invok: Bend Space        |       |     1 |       ||     1
Evoke: Wand              |       |     1 |       ||     1
  Use: Scroll            |     5 |     4 |       ||     9
Armor: Leather armour    |    22 |       |       ||    22
       Scale mail        |    13 |   110 |     8 ||   131
Dodge: Dodged            |    50 |   137 |     6 ||   193
